TOP OF THE 1ST |
Evanston Elitists batting - Pitching for Cincinnati Pride : LHP José Reyes
|
Pitching: LHP José Reyes
|
|
Batting: LHB Jean-Sébastien Beaudin
|
0-0: Ball 1-0: Bunt missed! 1-1: Ball 2-1: Ball 3-1: Base on Balls
|
Batting: RHB Henry Morris
|
0-0: Ball 1-0: DOUBLE (Line Drive, 89D) Jean-Sébastien Beaudin to third
|
Batting: RHB Wilfred Martin
|
0-0: Ball 1-0: Called Strike 1-1: Fly out, F7 (Flyball, 7D) Runner from 3rd tags up, SCORES, no throw Henry Morris to third
|
Batting: LHB Luis Rodríguez
|
0-0: Called Strike 0-1: Called Strike 0-2: Ball 1-2: Foul Ball, location: 2F 1-2: Ground out 4-3 (Groundball, 4) Henry Morris scores
|
Batting: RHB Miguel Toro
|
0-0: Ball 1-0: Called Strike 1-1: Swinging Strike 1-2: Ball 2-2: Strikes out swinging
|
Top of the 1st over - 2 run(s), 1 hit(s), 0 error(s), 0 left on base; Evanston 2 - Cincinnati 0 |
BOTTOM OF THE 1ST |
Cincinnati Pride batting - Pitching for Evanston Elitists : RHP Nicholas Becker
|
Pitching: RHP Nicholas Becker
|
|
Batting: RHB Gary Miller
|
0-0: Called Strike 0-1: Ball 1-1: Fly out, F7 (Flyball, 78S)
|
Batting: RHB Jorge Silva
|
0-0: Foul Ball, location: 2F 0-1: Ball 1-1: Ball 2-1: Ball 3-1: Ground out U3 (Groundball, 34)
|
Batting: RHB Jorge Flores
|
0-0: Called Strike 0-1: Ball 1-1: SINGLE (Line Drive, 89S)
|
Batting: LHB Paco Córdova
|
Balk! Jorge Flores to second 0-0: Foul Ball, location: 2F 0-1: Ball 1-1: Swinging Strike 1-2: Foul Ball, location: 2F 1-2: Strikes out swinging
|
Bottom of the 1st over - 0 run(s), 1 hit(s), 0 error(s), 1 left on base; Evanston 2 - Cincinnati 0 |
TOP OF THE 2ND |
Evanston Elitists batting - Pitching for Cincinnati Pride : LHP José Reyes
|
Batting: RHB António Martínez
|
0-0: Ground out 5-3 (Groundball, 56)
|
Batting: SHB Jacob Wilcox
|
0-0: Ball 1-0: Called Strike 1-1: Ball 2-1: Foul Ball, location: 2F 2-2: SINGLE (Flyball, 89S)
|
Batting: LHB Javier Mejía
|
0-0: Foul Ball, location: 2F 0-1: Ball Jacob Wilcox steals 2nd base 1-1: Fly out, F6 (Line Drive, 6) Lined into DP, 6-4 (Line Drive, 6)
|
Top of the 2nd over - 0 run(s), 1 hit(s), 0 error(s), 0 left on base; Evanston 2 - Cincinnati 0 |
BOTTOM OF THE 2ND |
Cincinnati Pride batting - Pitching for Evanston Elitists : RHP Nicholas Becker
|
Batting: RHB Keith Sheehan
|
0-0: Foul Ball, location: 2F 0-1: Foul Ball, location: 2F 0-2: Ball 1-2: Strikes out swinging
|
Batting: RHB George Martin
|
0-0: Ball 1-0: Swinging Strike 1-1: Ball 2-1: Ball 3-1: Base on Balls
|
Batting: LHB Carl Hayden
|
0-0: Ball 1-0: Swinging Strike 1-1: Fly out, F9 (Flyball, 9S)
|
Batting: RHB Pete Woods
|
0-0: Foul Ball, location: 2F 0-1: Ball 1-1: Ball 2-1: Ball 3-1: Base on Balls George Martin to second
|
Batting: SHB Jaime Martínez
|
0-0: Called Strike 0-1: Foul Ball, location: 2F 0-2: Ball 1-2: Ball 2-2: Ball 3-2: Ground out 1-3 (Groundball, 13S)
|
Bottom of the 2nd over - 0 run(s), 0 hit(s), 0 error(s), 2 left on base; Evanston 2 - Cincinnati 0 |
TOP OF THE 3RD |
Evanston Elitists batting - Pitching for Cincinnati Pride : LHP José Reyes
|
Batting: LHB Ángelo Lara
|
0-0: Ball 1-0: Foul Ball, location: 2F 1-1: Ball 2-1: Foul Ball, location: 2F 2-2: Foul Ball, location: 2F 2-2: Ball 3-2: Base on Balls
|
Batting: LHB Jean-Sébastien Beaudin
|
0-0: Ball 1-0: Called Strike 1-1: Ball 2-1: Foul Ball, location: 2F 2-2: Strikes out looking
|
Batting: RHB Henry Morris
|
0-0: Ball 1-0: Fly out, F7 (Line Drive, 78M)
|
Batting: RHB Wilfred Martin
|
0-0: Ball 1-0: Ball 2-0: Called Strike 2-1: Ball 3-1: Fly out, F4 (Line Drive, 4M)
|
Top of the 3rd over - 0 run(s), 0 hit(s), 0 error(s), 1 left on base; Evanston 2 - Cincinnati 0 |
BOTTOM OF THE 3RD |
Cincinnati Pride batting - Pitching for Evanston Elitists : RHP Nicholas Becker
|
Batting: RHB Gary Miller
|
0-0: Called Strike 0-1: Ball 1-1: Fly out, F2 (Popup, 23)
|
Batting: RHB Jorge Silva
|
0-0: Foul Ball, location: 2F 0-1: Swinging Strike 0-2: Strikes out looking
|
Batting: RHB Jorge Flores
|
0-0: Ball 1-0: Ball 2-0: Called Strike 2-1: Ball 3-1: Called Strike 3-2: Fly out, F3 (Flyball, 3DF)
|
Bottom of the 3rd over - 0 run(s), 0 hit(s), 0 error(s), 0 left on base; Evanston 2 - Cincinnati 0 |
TOP OF THE 4TH |
Evanston Elitists batting - Pitching for Cincinnati Pride : LHP José Reyes
|
Batting: LHB Luis Rodríguez
|
0-0: Ball 1-0: Ball 2-0: Ball 3-0: Base on Balls
|
Batting: RHB Miguel Toro
|
0-0: Swinging Strike 0-1: Swinging Strike 0-2: Strikes out swinging
|
Batting: RHB António Martínez
|
0-0: Ball 1-0: DOUBLE (Line Drive, 7LM) Luis Rodríguez to third
|
Batting: SHB Jacob Wilcox
|
0-0: Called Strike 0-1: Ball 1-1: Foul Ball, location: 2F 1-2: Ground out 1-3 (Groundball, 15S)
|
Batting: LHB Javier Mejía
|
0-0: Ball 1-0: Ball 2-0: Called Strike 2-1: Ball 3-1: Base on Balls
|
Batting: LHB Ángelo Lara
|
0-0: Swinging Strike 0-1: Ball 1-1: Ball 2-1: Foul Ball, location: 2F 2-2: Foul Ball, location: 2F 2-2: Foul Ball, location: 2F 2-2: Foul Ball, location: 2F 2-2: Strikes out swinging
|
Top of the 4th over - 0 run(s), 1 hit(s), 0 error(s), 3 left on base; Evanston 2 - Cincinnati 0 |
BOTTOM OF THE 4TH |
Cincinnati Pride batting - Pitching for Evanston Elitists : RHP Nicholas Becker
|
Batting: LHB Paco Córdova
|
0-0: Ball 1-0: Foul Ball, location: 2F 1-1: Swinging Strike 1-2: Fly out, F8 (Flyball, 8LS)
|
Batting: RHB Keith Sheehan
|
0-0: Ball 1-0: Foul Ball, location: 2F 1-1: Ball 2-1: Foul Ball, location: 2F 2-2: Foul Ball, location: 2F 2-2: Strikes out looking
|
Batting: RHB George Martin
|
0-0: Foul Ball, location: 2F 0-1: Called Strike 0-2: Ball 1-2: Foul Ball, location: 2F 1-2: Ball 2-2: Ball 3-2: Foul Ball, location: 2F 3-2: Base on Balls
|
Batting: LHB Carl Hayden
|
0-0: Ball 1-0: SINGLE (Groundball, 6MD) George Martin to second
|
Batting: RHB Pete Woods
|
0-0: Ball 1-0: Ball 2-0: Foul Ball, location: 2F 2-1: Swinging Strike 2-2: Foul Ball, location: 2F 2-2: Fly out, F9 (Flyball, 9LM)
|
Bottom of the 4th over - 0 run(s), 1 hit(s), 0 error(s), 2 left on base; Evanston 2 - Cincinnati 0 |
TOP OF THE 5TH |
Evanston Elitists batting - Pitching for Cincinnati Pride : LHP José Reyes
|
Batting: LHB Jean-Sébastien Beaudin
|
0-0: Foul Ball, location: 2F 0-1: Ball 1-1: Swinging Strike 1-2: Ball 2-2: Strikes out swinging
|
Batting: RHB Henry Morris
|
0-0: Called Strike 0-1: Swinging Strike 0-2: Foul Ball, location: 2F 0-2: Strikes out looking
|
Batting: RHB Wilfred Martin
|
0-0: Ball 1-0: Swinging Strike 1-1: Called Strike 1-2: Ball 2-2: Ball 3-2: Foul Ball, location: 2F 3-2: Foul Ball, location: 2F 3-2: Fly out, F4 (Line Drive, 4)
|
Top of the 5th over - 0 run(s), 0 hit(s), 0 error(s), 0 left on base; Evanston 2 - Cincinnati 0 |
BOTTOM OF THE 5TH |
Cincinnati Pride batting - Pitching for Evanston Elitists : RHP Nicholas Becker
|
Batting: SHB Jaime Martínez
|
0-0: Ball 1-0: Ball 2-0: Ball 3-0: Base on Balls
|
Batting: RHB Gary Miller
|
0-0: Ball 1-0: Called Strike 1-1: Ball 2-1: Swinging Strike 2-2: Ball 3-2: SINGLE (Groundball, 6MD) Jaime Martínez to second Runner from 2nd tries for 3rd, SAFE, no throw
|
Pitching: LHP Sam Olson
|
|
Batting: RHB Jorge Silva
|
0-0: Ball 1-0: Ball 2-0: Called Strike 2-1: Foul Ball, location: 2F 2-2: Strikes out swinging
|
Batting: RHB Jorge Flores
|
0-0: Ball 1-0: Called Strike 1-1: Ball 2-1: Ball 3-1: DOUBLE (Line Drive, 9LM) Jaime Martínez scores Gary Miller to third
|
Batting: LHB Paco Córdova
|
0-0: Ball 1-0: Ball 2-0: Swinging Strike 2-1: Swinging Strike 2-2: Strikes out looking
|
Batting: RHB Keith Sheehan
|
0-0: Foul Ball, location: 2F 0-1: Ball 1-1: Ball 2-1: Swinging Strike 2-2: Ball 3-2: Ground out 6-3 (Groundball, 6M)
|
Bottom of the 5th over - 1 run(s), 2 hit(s), 0 error(s), 2 left on base; Evanston 2 - Cincinnati 1 |
TOP OF THE 6TH |
Evanston Elitists batting - Pitching for Cincinnati Pride : LHP José Reyes
|
Pitching: LHP Vicente López
|
|
Batting: LHB Luis Rodríguez
|
0-0: Called Strike 0-1: Ball 1-1: Foul Ball, location: 2F 1-2: Ball 2-2: Ground out 1-3 (Groundball, 13S)
|
Batting: RHB Miguel Toro
|
0-0: SINGLE (Line Drive, 6M)
|
Batting: RHB António Martínez
|
0-0: Ball 1-0: Swinging Strike 1-1: Grounds into double play, 5-4-3 (Groundball, 56)
|
Top of the 6th over - 0 run(s), 1 hit(s), 0 error(s), 0 left on base; Evanston 2 - Cincinnati 1 |
BOTTOM OF THE 6TH |
Cincinnati Pride batting - Pitching for Evanston Elitists : LHP Sam Olson
|
Batting: RHB George Martin
|
0-0: Ball 1-0: Ball 2-0: Ball 3-0: Called Strike 3-1: Called Strike 3-2: Foul Ball, location: 2F 3-2: Base on Balls
|
Batting: LHB Carl Hayden
|
0-0: Grounds into double play, 3-6-3 (Groundball, 3)
|
Batting: RHB Pete Woods
|
0-0: Called Strike 0-1: Ball 1-1: Ball 2-1: Ball 3-1: Swinging Strike 3-2: Base on Balls
|
Batting: SHB Jaime Martínez
|
0-0: Ball 1-0: Ball 2-0: Swinging Strike 2-1: Called Strike 2-2: Strikes out looking
|
Bottom of the 6th over - 0 run(s), 0 hit(s), 0 error(s), 1 left on base; Evanston 2 - Cincinnati 1 |
TOP OF THE 7TH |
Evanston Elitists batting - Pitching for Cincinnati Pride : LHP Vicente López
|
Batting: SHB Jacob Wilcox
|
0-0: Swinging Strike 0-1: Ball 1-1: Ball 2-1: Foul Ball, location: 2F 2-2: Strikes out swinging
|
Batting: LHB Javier Mejía
|
0-0: Ball 1-0: Ball 2-0: SINGLE (Line Drive, 9S)
|
Pinch Hitting: RHB Jorge Calderón
|
0-0: Ball 1-0: Foul Ball, location: 2F 1-1: Ball 2-1: Foul Ball, location: 2F 2-2: Strikes out looking
|
Pinch Hitting: RHB Luis López
|
0-0: Ball 1-0: Ball 2-0: Ball 3-0: Called Strike 3-1: Base on Balls Javier Mejía to second
|
Batting: RHB Henry Morris
|
0-0: Called Strike 0-1: Ball 1-1: Called Strike 1-2: Foul Ball, location: 2F 1-2: Strikes out swinging
|
Top of the 7th over - 0 run(s), 1 hit(s), 0 error(s), 2 left on base; Evanston 2 - Cincinnati 1 |
BOTTOM OF THE 7TH |
Cincinnati Pride batting - Pitching for Evanston Elitists : LHP Sam Olson
|
Now in CF: Jorge Calderón
|
|
Now in RF: Luis López
|
|
Batting: RHB Gary Miller
|
0-0: Called Strike 0-1: Ball 1-1: Called Strike 1-2: Foul Ball, location: 2F 1-2: Strikes out swinging
|
Batting: RHB Jorge Silva
|
0-0: Ball 1-0: Ball 2-0: Foul Ball, location: 2F 2-1: Ball 3-1: Foul Ball, location: 2F 3-2: Strikes out looking
|
Batting: RHB Jorge Flores
|
0-0: Swinging Strike 0-1: Ball 1-1: SINGLE (Flyball, 9LS)
|
Pinch Hitting: RHB Álex Hernández
|
0-0: Foul Ball, location: 2F 0-1: Ball 1-1: Called Strike 1-2: Foul Ball, location: 2F 1-2: Ball 2-2: Foul Ball, location: 2F 2-2: Strikes out swinging
|
Bottom of the 7th over - 0 run(s), 1 hit(s), 0 error(s), 1 left on base; Evanston 2 - Cincinnati 1 |
TOP OF THE 8TH |
Evanston Elitists batting - Pitching for Cincinnati Pride : LHP Vicente López
|
Now at SS: Jorge Maldonado
|
|
Batting: RHB Wilfred Martin
|
0-0: Ground out U3 (Groundball, 3)
|
Batting: LHB Luis Rodríguez
|
0-0: Called Strike 0-1: Ball 1-1: Ball 2-1: Ball 3-1: Fly out, F6 (Popup, 56D)
|
Pitching: LHP Pedro Castro
|
|
Batting: RHB Miguel Toro
|
0-0: Ball 1-0: Ball 2-0: Swinging Strike 2-1: Foul Ball, location: 2F 2-2: Ball 3-2: Base on Balls
|
Batting: RHB António Martínez
|
0-0: Ball 1-0: Ball 2-0: Fly out, F9 (Flyball, 89M)
|
Top of the 8th over - 0 run(s), 0 hit(s), 0 error(s), 1 left on base; Evanston 2 - Cincinnati 1 |
BOTTOM OF THE 8TH |
Cincinnati Pride batting - Pitching for Evanston Elitists : LHP Sam Olson
|
Pitching: RHP Pablo Lima
|
|
Batting: RHB Keith Sheehan
|
0-0: Called Strike 0-1: Ball 1-1: Called Strike 1-2: Strikes out swinging passed ball, reaches first!
|
Batting: RHB George Martin
|
0-0: Called Strike 0-1: Sac Bunt - play at first, batter OUT! 5-3 Keith Sheehan to second
|
Batting: LHB Carl Hayden
|
0-0: Ball 1-0: Ball 2-0: Foul Ball, location: 2F 2-1: Foul Ball, location: 2F 2-2: Strikes out swinging
|
Pinch Hitting: RHB Roger Rush
|
0-0: Ball 1-0: Fly out, F8 (Flyball, 8LS)
|
Bottom of the 8th over - 0 run(s), 0 hit(s), 0 error(s), 1 left on base; Evanston 2 - Cincinnati 1 |
TOP OF THE 9TH |
Evanston Elitists batting - Pitching for Cincinnati Pride : LHP Pedro Castro
|
Pitching: RHP Lyle Scalise
|
|
Now at 3B: Roger Rush
|
|
Batting: SHB Jacob Wilcox
|
0-0: Called Strike 0-1: Ball 1-1: Called Strike 1-2: Foul Ball, location: 2F 1-2: SINGLE (Groundball, 56D)
|
Pitching: LHP Jon Bridges
|
|
Batting: LHB Javier Mejía
|
0-0: Reached on error, E3 (Groundball, 34S) Jacob Wilcox to third
|
Pitching: RHP Sam Mathis
|
|
Pinch Hitting: LHB Ronald Gordon
|
0-0: Intentional Walk
|
Pinch Hitting: LHB Alberto Varela
|
0-0: Called Strike 0-1: Ball 1-1: Swinging Strike 1-2: Reached on error, E4 (Groundball, 4) Jacob Wilcox scores Javier Mejía to third Ronald Gordon to second
|
Batting: RHB Henry Morris
|
0-0: Ball 1-0: Called Strike 1-1: Ball 2-1: SINGLE (Groundball, 6D) Javier Mejía scores Ronald Gordon to third Alberto Varela to second Runner from 3rd tries for Home, SAFE, throw made home Alberto Varela to third Henry Morris to second
|
Batting: RHB Wilfred Martin
|
0-0: Called Strike 0-1: Ball 1-1: Ball 2-1: Swinging Strike 2-2: Strikes out looking
|
Batting: LHB Luis Rodríguez
|
0-0: Intentional Walk
|
Batting: RHB Miguel Toro
|
0-0: Called Strike 0-1: Ball 1-1: Called Strike 1-2: Strikes out swinging
|
Batting: RHB António Martínez
|
0-0: SINGLE (Flyball, 78S) Alberto Varela scores Henry Morris to third Luis Rodríguez to second Runner from 3rd tries for Home, SAFE, no throw
|
Batting: SHB Jacob Wilcox
|
0-0: Foul Ball, location: 2F 0-1: Swinging Strike 0-2: Foul Ball, location: 2F 0-2: Ball 1-2: Fly out, F8 (Flyball, 8LS)
|
Top of the 9th over - 5 run(s), 3 hit(s), 2 error(s), 2 left on base; Evanston 7 - Cincinnati 1 |
BOTTOM OF THE 9TH |
Cincinnati Pride batting - Pitching for Evanston Elitists : RHP Pablo Lima
|
Now in CF: Carlos Miranda
|
|
Now in RF: Ambrose Brown
|
|
Batting: SHB Jaime Martínez
|
0-0: Ball 1-0: Ground out 4-3 (Groundball, 4)
|
Batting: RHB Gary Miller
|
0-0: Ball 1-0: Called Strike 1-1: Called Strike 1-2: Foul Ball, location: 2F 1-2: Fly out, F9 (Flyball, 9LM)
|
Batting: RHB Jorge Silva
|
0-0: Ball 1-0: SINGLE (Groundball, 34D)
|
Batting: RHB Jorge Flores
|
0-0: Called Strike 0-1: Called Strike 0-2: Foul Ball, location: 2F 0-2: Ball 1-2: Strikes out swinging
|
Bottom of the 9th over - 0 run(s), 1 hit(s), 0 error(s), 1 left on base; Evanston 7 - Cincinnati 1 |
|